 Dungeon Crawl Stone Soup version 0.26-a0-505-g732bf3b8d2 (webtiles) character file.

Game seed: 15705499725452815891

2287 VelkaBird the Fighter (level 9, -4/186 HPs)
             Began as a Palentonga Delver on Aug 9, 2020.
             Slain by an orc knight
             ... wielding a +0 war axe
              (34 damage)
             ... in a bailey.
             The game lasted 00:33:58 (8828 turns).

VelkaBird the Fighter (Palentonga Delver)           Turns: 8828, Time: 00:33:58

Health: -4/186     AC: 24    Str: 18    XL:     9   Next: 17%
Magic:  9/9        EV:  1    Int: 12    God:
Gold:   239        SH:  9    Dex: 11    Spells: 8/8 levels left

rFire    + . .     SeeInvis +   b - +1 hand axe (elec)
rCold    . . .     Faith    .   G - +0 kite shield
rNeg     + + +     Spirit   .   (armour currently unavailable)
rPois    +         Reflect  .   (helmet currently unavailable)
rElec    .         Harm     .   (cloak currently unavailable)
rCorr    .         NoTele   +   (gloves currently unavailable)
MR       .....                  (boots currently unavailable)
Stlth    ..........             (no amulet)
HPRegen  0.41/turn              (no ring)
MPRegen  0.11/turn              r - ring of protection from fire

@: mighty, berserking, tree-form, hasted, very quick
A: large, rugged brown scales 3, see invisible
a: no special abilities


You were in a bailey.
You were a tree.
You visited 1 branch of the dungeon, and saw 7 of its levels.
You also visited: Bailey.

You collected 239 gold pieces.

Inventory:

Hand Weapons
 a - a +3 dagger of venom
 b - a +1 hand axe of electrocution (weapon)
 s - a +0 hand axe
 H - a +0 war axe
Armour
 k - a +0 leather armour
 n - a +0 pair of gloves (melded)
 y - a +0 cloak (melded)
 D - a +0 helmet (melded)
 F - a +0 ring mail (melded)
 G - a +0 kite shield (worn)
Jewellery
 h - an uncursed ring of fire
 l - an uncursed ring of see invisible {unknown}
 r - a ring of protection from fire (right branch)
Wands
 g - a wand of digging (9)
 E - a wand of random effects (20)
Scrolls
 c - a scroll of fog
 d - 3 scrolls of magic mapping
 e - 3 scrolls of fear
 p - a scroll of amnesia {unknown}
 q - 5 scrolls of remove curse
 v - a scroll of teleportation {unknown}
 w - 3 scrolls of blinking {unknown}
 x - 3 scrolls of enchant weapon
Potions
 f - 2 potions of haste
 i - a potion of berserk rage
 j - 4 potions of lignification
 t - 2 potions of might
 u - a potion of stabbing {unknown}
 z - a potion of heal wounds {unknown}
 A - 2 potions of brilliance
 B - a potion of curing {unknown}


   Skills:
 + Level 10.1 Fighting
 * Level 4.6 Axes
 - Level 3.6 Dodging
 - Level 3.3 Stealth
 + Level 3.6 Shields


You had 8 spell levels left.
You didn't know any spells.
Your spell library was empty.

Dungeon Overview and Level Annotations

Branches:
Dungeon (7/15)             Bailey (1/1)
 Temple: D:4-7

Altars:
The Shining One

Annotations:
D:3 Sigmund
D:6 exclusion: ice beast


Innate Abilities, Weirdness & Mutations

(You are completely covered in rugged brown scales. (AC +3, +7% HP))
You have supernaturally acute eyesight. (SInv)
((Armour fits poorly on your strangely shaped body.))
((You can roll at foes to attack.))
((You have a long armoured tail.))


Message History

You kill the orc!
You slash the orc knight!
The orc knight hits you with a +0 war axe.
The orc knight hits you with a cursed -3 war axe!
* * * LOW HITPOINT WARNING * * *
You hit the orc knight but do no damage.
The orc knight is severely wounded.
You hit the orc knight but do no damage.
You barely miss the goblin. The goblin hits you but does no damage.
You block the orc knight's attack.
The orc knight hits you with a cursed -3 war axe!
* * * LOW HITPOINT WARNING * * *
A red film seems to cover your vision as you go berserk!
You feel yourself moving faster!
You feel mighty! The goblin barely misses you.
You barely miss the orc knight.
The orc knight is severely wounded.
You closely miss the goblin.
You hit the orc knight but do no damage.
The orc knight hits you with a +0 war axe!!
You die... ... ... ####.#### .#...#. ..8g. .gg

##g## #o♣o#
#...# #)))#
######+######
#....≈.≈....#
#'###≈.≈###'#
#....≈.≈....#
#'###≈.≈###'#
#^..K≈.≈K...#


You could see 2 orc knights, a gnoll and 3 goblins.

Vanquished Creatures
  An orc knight (Bailey)
  A slime creature (D:7)
  A water moccasin (D:7)
  An orc warrior (Bailey)
  A black bear (D:7)
  A phantom (D:5)
  An ogre (D:6)
  2 bullfrogs (D:6)
  A big kobold (D:7)
  A scorpion (D:5)
  A centaur zombie (D:6)
  4 hounds
  2 jellies (D:5)
  A bullfrog skeleton (D:3)
  2 centaur skeletons
  2 orc wizards
  Jessica (D:3)
  An iguana (D:3)
  Natasha (thrice) (D:3)
  6 worker ants
  A hound zombie (D:5)
  2 howler monkey zombies (D:5)
  11 adders
  A white imp (D:4)
  An ufetubus (D:6)
  An ooze (D:4)
  2 adder zombies
  5 worms
  2 dart slugs
  4 leopard geckos
  10 orcs
  9 bats
  4 giant cockroaches
  10 goblins
  6 hobgoblins
  5 jackals
  3 quokkas
  2 ball pythons
  4 frilled lizards
  23 kobolds
  A leopard gecko skeleton (D:6)
  11 rats
152 creatures vanquished.

Notes
Turn   | Place    | Note
-------+----------+-------------------------------------------
     0 | D:5      | VelkaBird the Palentonga Delver began the quest for the
                  | Orb.
     0 | D:5      | Reached XP level 1. HP: 19/19 MP: 1/1
    78 | D:4      | Noticed an iguana
    78 | D:4      | Noticed a worker ant
    94 | D:4      | Noticed a worker ant
   137 | D:4      | Noticed a worker ant
   666 | D:3      | Reached XP level 2. HP: 9/25 MP: 2/2
  1039 | D:3      | Noticed Natasha
  1505 | D:1      | Found a glowing golden altar of the Shining One.
  1543 | D:1      | Reached XP level 3. HP: 31/31 MP: 3/3
  2129 | D:2      | Reached skill level 4 in Fighting
  2410 | D:2      | Reached XP level 4. HP: 40/40 MP: 4/4
  2810 | D:2      | Reached skill level 5 in Fighting
  3168 | D:3      | Reached XP level 5. HP: 47/47 MP: 5/5
  3175 | D:3      | Noticed Sigmund
  3357 | D:3      | Noticed Jessica
  3361 | D:3      | Killed Jessica
  3408 | D:3      | Killed Natasha
  3410 | D:3      | Noticed Natasha
  3424 | D:3      | Killed Natasha
  3424 | D:3      | Reached skill level 6 in Fighting
  3625 | D:3      | Noticed Natasha
  3634 | D:3      | Killed Natasha
  3780 | D:3      | Reached XP level 6. HP: 35/56 MP: 6/6
  4744 | D:4      | Reached skill level 7 in Fighting
  5414 | D:5      | Reached XP level 7. HP: 46/65 MP: 7/7
  5643 | D:5      | Reached skill level 8 in Fighting
  7252 | D:6      | Reached XP level 8. HP: 70/74 MP: 8/8
  7296 | D:6      | Reached skill level 9 in Fighting
  7793 | D:7      | Noticed a slime creature
  7811 | D:7      | Killed a slime creature
  7811 | D:7      | Reached skill level 1 in Shields
  8070 | D:7      | Found a flagged portal.
  8079 | Bailey   | Entered a bailey
  8626 | Bailey   | Noticed an orc knight
  8633 | Bailey   | Killed an orc knight
  8633 | Bailey   | Reached skill level 10 in Fighting
  8633 | Bailey   | Reached XP level 9. HP: 83/83 MP: 9/9
  8805 | Bailey   | Noticed an orc knight
  8805 | Bailey   | Noticed an orc knight
  8828 | Bailey   | Slain by an orc knight

Illustrated notes

Levels and vault maps discovered:
D:1:      nicolae_arrival_memento_mori, layout_loops_cross,
          minmay_misc_feat_columns, minmay_misc_feat_enclosed,
          chequers_serial_rivers_micro_d, tso_metal_star
D:2:      minmay_spotlight, layout_loops_ring, hangedman_glass_garden
D:3:      layout_loops_ring, uniq_jessica, uniq_natasha, uniq_sigmund
D:4:      layout_basic
D:5:      layout_layer_cave
D:6:      layout_cave_pools, minmay_temple_entry_fiery
D:7:      layout_cave_pods, enter_bailey_2, minmay_microvault
Bailey:   bailey_axe_1, bailey

Skill      XL: |  1  2  3  4  5  6  7  8 |
---------------+-------------------------+-----
Axes           | 3 4 |  4.6
Fighting       | 4 5 6 7 8 10 | 10.1
Dodging        | 3 |  3.6
Shields        | 3 |  3.6
Stealth        | |  3.3

Action                   |  1- 3 |  4- 6 |  7- 9 || total
-------------------------+-------+-------+-------++-------
Melee: Hand axe          |    24 |       |    29 ||    53
       Tailslap          |    12 |    23 |    33 ||    68
       War axe           |    25 |     7 |    75 ||   107
       Dagger            |    49 |   138 |   105 ||   292
Throw: Javelin           |     1 |       |     6 ||     7
       Dart              |       |       |    68 ||    68
 Abil: Rolling Charge    |     8 |    12 |     8 ||    28
Evoke: Wand              |       |       |     2 ||     2
  Use: Scroll            |       |     6 |     2 ||     8
       Potion            |       |       |     6 ||     6
 Stab: Sleeping          |     6 |     4 |     4 ||    14
Armor: Leather armour    |    25 |    42 |    40 ||   107
       Ring mail         |       |       |    94 ||    94
       Skin              |       |       |     4 ||     4
Dodge: Dodged            |    36 |    53 |   175 ||   264
Block: Kite shield       |       |       |    94 ||    94

Table legend: (Time is in decaauts)
 A = Elapsed time spent in this place.
 B = Non-inter-level travel time spent in this place.
 C = Inter-level travel time spent in this place.
 D = Time resting spent in this place.
 E = Time spent auto-exploring this place.
 F = Levels seen in this place.
 G = Mean time per level.
                   A        B        C        D        E       F      G
               +--------+--------+--------+--------+--------+-----+--------+
         Total |   8875 |   8550 |    325 |   3889 |   2475 |   8 | 1109.4 |
       Dungeon |   8118 |   7793 |    325 |   3322 |   2475 |   7 | 1159.7 |
        Bailey |    757 |    757 |      0 |    566 |      0 |   1 |  757.0 |
               +--------+--------+--------+--------+--------+-----+--------+

Top non-repeatable levels by time:
     D:3: 2158 daAuts
     D:2: 1717 daAuts
     D:4: 1371 daAuts
     D:5: 990 daAuts
     D:6: 947 daAuts
  Bailey: 757 daAuts
     D:1: 596 daAuts
     D:7: 336 daAuts
